 Dungeon Sprint DCSS version 0.31-a0-620-gd1cbd99268 (webtiles) character file.

Game seed: 15786374549856576306

615 sircluck the Grappler (level 7, -5/80 HPs)
             Began as a Troll Berserker on Aug 23, 2023.
             Was a Priest of Trog.
             Slain by a red devil
             ... wielding a +0 trident
             ... summoned by a kobold demonologist
              (18 damage)
             ... in the Dungeon (Sprint I: "Red Sonja").
             The game lasted 00:01:13 (179 turns).

sircluck the Grappler (Troll Berserker)              Turns: 179, Time: 00:01:14

Health: -5/80      AC:  4    Str: 28    XL:     7   Next: 21%
Magic:  6/6        EV: 11    Int:  3    God:    Trog [***...]
Gold:   405        SH:  0    Dex:  9    Spells: 6/6 levels left

rFire   . .          .
                       - Unarmed
rCold   . . .        (no shield)
rNeg    . . .        a - +0 animal skin
rPois   .            (helmet restricted)
rElec   .            (no cloak)
rCorr   .            (gloves unavailable)
SInv    .            (boots unavailable)
Will    .....        (no amulet)
Stlth   +            (no ring)
HPRegen 1.13/turn    (no ring)
MPRegen 0.10/turn

%: no teleportation
@: spiked
A: large, unfitting armour, claws 3, regeneration 1, shaggy fur 1, tough skin 1
a: Renounce Religion, Berserk, Trog's Hand


You were in the Dungeon.
You worshipped Trog.
Trog was most pleased with you.
You visited 1 branch You collected 405 gold pieces.

Inventory:

Armour
 a - a +0 animal skin (worn)
Wands
 h - a wand of charming (9)
Scrolls
 g - a scroll of blinking
 i - a scroll of vulnerability {unknown}
Potions
 b - a potion of curing
 d - a potion of haste
 e - 2 potions of magic
 f - a potion of berserk rage


   Skills:
 + Level 8.1 Fighting
 + Level 8.0 Dodging
 + Level 9.6 Unarmed Combat


You had 6 spell levels left.
You didn't know any spells.
Your spell library was empty.

Dungeon Overview and Level Annotations

Branches:
Dungeon (1/1)

Altars:
Cheibriados
Dithmenos
Elyvilon
Fedhas
Gozag
Hepliaklqana
Kikubaaqudgha
Makhleb
Nemelex Xobeh
Okawaru
Qazlal
Ru
Sif Muna
Trog
Uskayaw
Vehumet
Wu Jian
Xom
Yredelemnul
Zin
The Shining One
Jiyva
Lugonu

Shops:
D :


Innate Abilities, Weirdness & Mutations

You are too large for most types of armour.
You have claws for hands.
Your natural rate of healing is unusually fast.
You are covered in fur. (AC +1)
You have tough skin. (AC +1)


Message History

You kill the hellwing!
The hellwing disappears in a puff of smoke!
The kobold demonologist mumbles some strange words.
Unknown command.
The chaos spawn squeals angrily.
The crimson imp blinks!
The kobold demonologist closely misses you.
The kobold demonologist hits you with a +0 dagger.
There is an open door, spattered with blood here.
You closely miss the kobold demonologist.
The white imp shouts, "Away with thee, thou weedy fob-snatching socdollager!"
The kobold demonologist hits you but does no damage. x2
You completely miss the kobold demonologist.
The red devil hits you from afar with a +0 trident.
Barbed spikes become lodged in your body.
You scratch the kobold demonologist.
The kobold demonologist is lightly wounded.
The kobold demonologist hits you with a +0 dagger.
The kobold demonologist hits you but does no damage.
The red devil hits you from afar with a +0 trident!
* * * LOW HITPOINT WARNING * * *
Barbed spikes become lodged in your body.
Unknown command.
You scratch the kobold demonologist but do no damage.
The kobold demonologist hits you but does no damage.
The kobold demonologist mumbles some strange words.
The red devil hits you from afar with a +0 trident!
* * * LOW HITPOINT WARNING * * *
Barbed spikes become lodged in your body.
Unknown command.
You feel much better.
The kobold demonologist hits you with a +0 dagger.
* * * LOW HITPOINT WARNING * * *
The kobold demonologist hits you with a +0 dagger.
* * * LOW HITPOINT WARNING * * *
The red devil hits you from afar with a +0 trident.
* * * LOW HITPOINT WARNING * * *
Barbed spikes become lodged in your body.
The red devil hits you with a +0 trident!!
You die...

#####################
.'))#..'..#__#.4@K45#
.#..'..#..'..'..#K5.#
###'#####'#__####45.+
##..#...#[#### ####
_####..##.#
____##'#_.+
.∩...'..._#
..__##_.#'#
____###+#)#


You could see 2 kobold demonologists, a chaos spawn (summoned), 2 red devils, a
crimson imp (summoned) and 2 white imps.

Vanquished Creatures
  A slime creature (D)
  Sigmund (D)
  A yak (D)
  A floating eye (D)
  A jelly (D)
  Ijyb (D)
6 creatures vanquished.

Vanquished Creatures (others)
  An ogre (D)
1 creature vanquished.

Grand Total: 7 creatures vanquished

Notes
Turn   | Place    | Note
-------+----------+-------------------------------------------
     0 | D        | sircluck the Troll Berserker began the quest for the Orb.
     0 | D        | Reached XP level 1. HP: 22/22 MP: 0/0
     1 | D        | Noticed Ijyb
    20 | D        | Killed Ijyb
    21 | D        | Reached skill level 4 in Unarmed Combat
    21 | D        | Reached XP level 2. HP: 32/32 MP: 1/1
    36 | D        | Noticed an ogre
    42 | D        | Noticed Sigmund
    60 | D        | Killed Sigmund
    60 | D        | Reached ** piety under Trog
    61 | D        | Reached skill level 5 in Fighting
    61 | D        | Reached skill level 5 in Dodging
    61 | D        | Reached skill level 7 in Unarmed Combat
    61 | D        | Reached XP level 3. HP: 35/44 MP: 2/2
    61 | D        | Reached XP level 4. HP: 41/52 MP: 3/3
    61 | D        | Reached XP level 5. HP: 47/59 MP: 4/4
    87 | D        | Found an ornate altar of the Wu Jian Council.
    87 | D        | Found a shimmering blue altar of Sif Muna.
    89 | D        | Found a radiant altar of Vehumet.
   122 | D        | Found Himeanem's Book Emporium.
   122 | D        | Found an ancient bone altar of Kikubaaqudgha.
   122 | D        | Found a hazy altar of Hepliaklqana.
   122 | D        | Found a hide-covered altar of Uskayaw.
   122 | D        | Found a basalt altar of Yredelemnul.
   122 | D        | Found an opulent altar of Gozag.
   122 | D        | Found a snail-covered altar of Cheibriados.
   122 | D        | Found a sacrificial altar of Ru.
   122 | D        | Found a shadowy altar of Dithmenos.
   122 | D        | Noticed a yak
   126 | D        | Killed a yak
   127 | D        | Reached skill level 8 in Unarmed Combat
   127 | D        | Reached XP level 6. HP: 71/71 MP: 5/5
   127 | D        | Found a stormy altar of Qazlal.
   127 | D        | Found a blossoming altar of Fedhas.
   127 | D        | Found a bloodstained altar of Trog.
   127 | D        | Found an iron altar of Okawaru.
   127 | D        | Found a glowing golden altar of the Shining One.
   127 | D        | Found a glowing silver altar of Zin.
   127 | D        | Found a white marble altar of Elyvilon.
   129 | D        | Found a sparkling altar of Nemelex Xobeh.
   144 | D        | Found a burning altar of Makhleb.
   144 | D        | Found a viscous altar of Jiyva.
   144 | D        | Found a shimmering altar of Xom.
   144 | D        | Found a corrupted altar of Lugonu.
   144 | D        | Noticed a slime creature
   150 | D        | Killed a slime creature
   151 | D        | Reached skill level 9 in Unarmed Combat
   151 | D        | Reached XP level 7. HP: 71/79 MP: 6/6
   164 | D        | Noticed a kobold demonologist
   164 | D        | Noticed a kobold demonologist
   165 | D        | Noticed a hellwing
   165 | D        | Paralysed by a floating eye for 2 turns
   168 | D        | Reached *** piety under Trog
   173 | D        | Noticed a red devil
   174 | D        | Noticed a chaos spawn
   178 | D        | HP: 4/80 [red devil/+0 trident[a kobold demonologist] (11)]
   179 | D        | Noticed a red devil
   179 | D        | Slain by a red devil

Illustrated notes

Levels and vault maps discovered:
D:        dungeon_sprint_1 [red_sonja_temple_1, red_sonja_temple_small_1]

Skill      XL: |  1  2  3  4  5  6  7 |
---------------+----------------------+-----
Fighting       | 3 5 7 8 |  8.1
Dodging        | 3 5 7 8 |  8.0
Unarmed Combat | 4 7 8 9 |  9.6

Action                     |  1- 3 |  4- 6 |  7- 9 || total
---------------------------+-------+-------+-------++-------
  Melee: Unarmed           |    16 |    13 |    10 ||    39
         Punch             |     1 |     1 |       ||     2
  Evoke: Wand              |     1 |       |       ||     1
    Use: Potion            |       |       |     1 ||     1
 Armour: Animal skin       |     2 |     2 |     6 ||    10
  Dodge: Dodged            |     7 |     8 |     4 ||    19

Table legend: (Time is in decaauts)
 A = Elapsed time spent in this place.
 B = Non-inter-level travel time spent in this place.
 C = Inter-level travel time spent in this place.
 D = Time resting spent in this place.
 E = Time spent auto-exploring this place.
 F = Levels seen in this place.
 G = Mean time per level.
                   A        B        C        D        E       F      G
               +--------+--------+--------+--------+--------+-----+--------+
         Total |    174 |    163 |     11 |      0 |     26 |   1 |  174.0 |
       Dungeon |    174 |    163 |     11 |      0 |     26 |   1 |  174.0 |
               +--------+--------+--------+--------+--------+-----+--------+

Top non-repeatable levels by time:
       D: 174 daAuts
